Map: Frozen Temple

Players

capac - Winner!

  • Race: Terran Terran
  • League: Gold

AeDiS

  • Race: Zerg Zerg
  • League: Gold

VOD

Have the link to the VOD?

Description

Time

  • Played on: May 2, 2016, 1:32 p.m.
  • Length: 16:36
Show
View Real Time Build Order
Export as new Build Order

capac Terran - Winner!

Build Orders: Reaper Expand, MMM Bio 

Get SALT Encoding   

  12  0:01  SCV  
  13  0:13  SCV  
  14  0:18  Supply Depot  
  14  0:25  SCV  
  15  0:40  SCV  
  16  0:45  Barracks  
  16  0:50  Refinery  
  16  0:52  SCV  
  17  1:04  SCV  
  18  1:16  SCV  
  19  1:31  Orbital Command  
  19  1:33  Reaper  
  20  1:43  Command Center  
  20  1:57  Supply Depot, SCV  
  21  2:05  Marine  
  22  2:15  Factory  
  22  2:16  Refinery  
  22  2:23  Barracks  
  22  2:28  Barracks Reactor  
  22  2:55  SCV x2  
  24  3:07  Marine x2  
  24  3:09  SCV  
  24  3:12  Factory Tech Lab  
  27  3:16  Barracks Tech Lab, Starport  
  27  3:20  Barracks  
  27  3:24  SCV  
  27  3:26  Orbital Command  
  28  3:40  Stimpack  
  28  3:41  Marine x3  
  28  3:45  SCV  
  32  3:56  Supply Depot, Starport Reactor  
  32  3:59  Marine x2  
  34  4:06  Marauder  
  34  4:07  SCV x2  
  38  4:13  Barracks Reactor  
  30  4:36  Marine x3  
  30  4:37  Siege Tank  
  34  4:51  Marine  
  34  4:52  Marine  
  35  4:53  Marine  
  35  4:54  Marine x2  
  32  5:09  Marine  
  32  5:12  Supply Depot  
  32  5:25  SCV  
  33  5:34  Marine  
  33  5:35  Marine x2  
  35  5:37  SCV  
  36  5:59  Marine x4  
  40  6:14  Marine, Orbital Command  
  40  6:16  Marine x2  
  43  6:26  SCV  
  43  6:28  Medivac x2  
  48  6:38  Siege Tank  
  48  6:39  SCV  
  52  7:03  Bunker  
  41  7:29  SCV x2  
  43  7:32  Marine x3  
  46  7:41  SCV x2  
  48  7:44  Supply Depot  
  45  8:00  Marine x4  
  49  8:14  Supply Depot  
  49  8:15  SCV x2  
  51  8:27  SCV x2  
  51  8:31  Combat Shields  
  53  8:39  Engineering Bay, SCV  
  53  8:40  Marine  
  53  8:41  Marine x3  
  57  8:43  Marine  
  59  8:50  SCV  
  59  8:51  SCV  
  61  9:02  SCV  
  62  9:03  SCV  
  63  9:13  Marine x5  
  63  9:14  SCV  
  69  9:20  Missile Turret  
  69  9:24  SCV, Missile Turret  
  69  9:25  Missile Turret  
  69  9:30  Supply Depot  
  70  9:34  Marine, Medivac  
  70  9:35  SCV  
  74  9:47  Marine  
  74  9:48  Marine x3  
  78  9:54  Supply Depot  
  78  9:56  SCV  
  78  9:57  SCV  
  78  9:59  Refinery  
  80  10:01  Refinery  
  80  10:02  Medivac  
  82  10:12  SCV x2  
  82  10:13  Marine x2  
  86  10:15  Concussive Shells, Marine x2  
  86  10:16  Marauder  
  90  10:21  Supply Depot  
  90  10:24  SCV x2  
  92  10:31  Barracks  
  92  10:36  SCV x2  
  94  10:43  Marine x5  
  94  10:46  Supply Depot  
  99  10:53  Liberator  
  99  11:08  Marine x4  
  99  11:09  Marine  
  107  11:33  Command Center  
  107  11:58  Marine x3  
  110  12:03  Barracks  
  110  12:22  Liberator  
  110  12:34  Supply Depot  
  110  12:35  Supply Depot  
  110  12:38  Terran Infantry Weapons Level 1, Supply Depot  
  110  12:39  Marine x3  
  110  12:40  Marauder, Factory Reactor  
  110  12:44  Marine  
  118  12:45  Marauder  
  120  12:58  Marine x3  
  120  12:59  Supply Depot  
  120  13:00  Supply Depot  
  120  13:03  Barracks Reactor  
  120  13:04  Starport  
  123  13:10  Supply Depot  
  123  13:14  Barracks  
  123  13:19  Marine x4  
  126  13:20  Marine  
  128  13:30  Liberator  
  121  13:42  Marine x4  
  121  13:43  Marauder, Marine  
  131  14:00  Marine x4  
  131  14:01  Marauder  
  133  14:03  Supply Depot  
  133  14:05  Marauder  
  135  14:18  Marine x2  
  137  14:24  Orbital Command  
  137  14:25  Marine  
  137  14:26  Marine x3  
  141  14:33  Barracks Reactor  
  141  14:34  Starport Reactor  
  141  14:44  Marauder  
  143  14:47  Widow Mine x2  
  147  14:53  Supply Depot  
  147  14:54  Supply Depot  
  127  15:36  Marine  
  127  15:37  Marine x5  
  133  15:55  Marauder x2  
  133  15:56  Marine x4  
  122  16:13  Marine  
Show
View Real Time Build Order
Export as new Build Order

AeDiS Zerg 

Build Orders: Pool First, Zergling Baneling 

Get SALT Encoding   

  12  0:01  Drone  
  13  0:08  Drone  
  14  0:20  Extractor  
  13  0:22  Extractor, Drone  
  13  0:23  Drone  
  16  0:36  Spawning Pool  
  15  0:44  Extractor  
  15  0:45  Extractor  
  15  0:46  Drone  
  16  1:07  Hatchery, Overlord  
  15  1:27  Extractor  
  15  1:28  Drone x3  
  15  1:30  Queen  
  19  1:46  Overlord  
  19  1:51  Zergling x2  
  20  2:06  Queen  
  22  2:19  Queen  
  22  2:21  Drone  
  22  2:22  Drone x2  
  27  2:28  Metabolic Boost  
  27  2:35  Drone x2  
  27  2:36  Extractor  
  27  3:06  Zergling x2  
  27  3:07  Zergling x12  
  34  3:15  Baneling Nest  
  33  3:21  Zergling x2  
  33  3:22  Zergling x4  
  33  3:26  Overlord x2  
  36  3:58  Baneling  
  36  3:59  Baneling x11  
  36  4:01  Zergling x2  
  36  4:02  Zergling x6  
  40  4:09  Drone x2  
  42  4:12  Drone  
  34  4:49  Zergling x2  
  34  4:50  Zergling x20  
  44  5:03  Zergling x8  
  39  5:45  Zergling x2  
  39  5:46  Zergling x16  
  48  5:57  Drone  
  48  5:58  Drone  
  48  5:59  Evolution Chamber  
  48  6:00  Evolution Chamber  
  48  6:06  Lair  
  48  6:08  Drone  
  37  7:09  Zergling x2  
  37  7:10  Zergling x24  
  30  8:05  Hatchery  
  29  8:15  Hatchery, Zergling x2  
  29  8:16  Zergling x16  
  29  8:18  Centrifical Hooks  
  37  8:22  Drone x3  
  40  8:29  Spore Crawler  
  40  8:32  Pneumatized Carapace  
  39  8:36  Baneling  
  39  8:37  Baneling x11  
  39  9:11  Zergling x2  
  39  9:12  Zergling x18  
  49  9:18  Spore Crawler  
  49  9:19  Spore Crawler  
  49  9:20  Drone  
  48  9:24  Drone  
  49  9:39  Overlord x2  
  49  9:46  Drone  
  49  9:47  Drone  
  49  9:48  Drone  
  52  10:00  Drone x4  
  56  10:10  Extractor  
  56  10:12  Extractor  
  54  10:26  Drone  
  54  10:27  Drone x2  
  54  10:28  Queen  
  59  10:31  Drone x2  
  61  10:43  Drone  
  61  10:44  Drone x3  
  64  10:51  Drone  
  64  10:52  Drone x2  
  65  10:57  Spore Crawler  
  65  10:58  Spore Crawler  
  65  11:03  Queen  
  64  11:19  Drone  
  64  11:20  Drone  
  66  11:25  Spire  
  66  11:30  Drone  
  66  11:31  Overlord  
  66  11:45  Overlord x2  
  66  11:51  Drone x6  
  66  11:52  Drone x2  
  74  11:56  Overlord  
  74  11:58  Overseer  
  74  12:16  Drone  
  74  12:17  Drone x6  
  80  12:47  Overlord  
  80  12:49  Mutalisk  
  80  12:50  Mutalisk x7  
  96  12:52  Overlord  
  96  13:10  Spore Crawler  
  96  13:11  Hatchery  
  89  13:38  Zergling x2  
  89  13:39  Zergling x40  
  89  13:40  Zergling x8  
  112  14:17  Overlord x3  
  112  14:25  Mutalisk  
  114  14:38  Drone  
  114  14:39  Drone x8  
  114  14:40  Drone x7  
  130  14:47  Baneling x5  
  130  14:48  Baneling x5  
  89  15:23  Mutalisk  
  89  15:24  Mutalisk x9  
  110  15:31  Spine Crawler x2  
  110  15:32  Spine Crawler  
  103  15:40  Baneling x13  
  103  15:41  Baneling x2  
  106  15:43  Mutalisk x3  
  106  15:44  Mutalisk x2  
Tags
 
Add a new tag
Caveats
  • Supply blocks, unpowered buildings, or Contaminate may cause inaccurate times.
  • Supply counts are checked every 10 seconds.